 Dungeon Crawl Stone Soup version 0.22.1-2-g9c5b331 (webtiles) character file.

795 teukkam the Shield-Bearer (level 7, 0/63 HPs)
             Began as a Minotaur Fighter on Nov 16, 2018.
             Slain by a slave (3 damage)
             ... led by Pikel
             ... on level 4 of the Dungeon.
             The game lasted 00:06:08 (1894 turns).

teukkam the Shield-Bearer (Minotaur Fighter)        Turns: 1894, Time: 00:06:09

Health: 0/63       AC:  8    Str: 23    XL:     7   Next: 58%
Magic:  6/6        EV:  8    Int:  5    God:
Gold:   69         SH: 10    Dex:  9    Spells: 6/6 levels left

rFire    . . .     SeeInvis .   a - +0 war axe
rCold    . . .     Gourm    .   c - +0 shield
rNeg     . . .     Faith    +   b - +0 scale mail
rPois    .         Spirit   .   (helmet restricted)
rElec    .         Reflect  .   (no cloak)
rCorr    .         Harm     .   l - +0 pair of gloves
MR       .....                  (no boots)
Stlth    +.........             e - amulet of faith
HPRegen  0.20/turn              g - ring of stealth
MPRegen  0.10/turn              (no ring)

@: no status effects
A: retaliatory headbutt, horns 2
a: no special abilities


You were on level 4 of the Dungeon.
You were not hungry.

You visited 1 branch of the dungeon, and saw 5 of its levels.

You collected 69 gold pieces.

Inventory:

Hand Weapons
 a - a +0 war axe (weapon)
Armour
 b - a +0 scale mail (worn)
 c - a +0 shield (worn)
 l - a +0 pair of gloves (worn)
Jewellery
 e - an amulet of faith (around neck)
 g - a ring of stealth (left hand)
 n - an uncursed ring of ice
Wands
 i - a wand of digging (9)
Scrolls
 d - a scroll of fear {unknown}
 k - 3 scrolls of identify
Potions
 h - 2 potions of curing
 j - a potion of heal wounds
Comestibles
 f - 6 rations


   Skills:
 + Level 6.2 Fighting
 + Level 5.6 Axes
 + Level 6.2 Armour
 + Level 6.2 Shields


You had 6 spell levels left.
You didn't know any spells.
Your spell library was empty.

Dungeon Overview and Level Annotations

Branches:
Dungeon (5/15)
 Temple: D:4-7

Altars:
Ashenzari
Hepliaklqana
Nemelex Xobeh
Qazlal
Sif Muna
Xom

Annotations:
D:4 Pikel


Innate Abilities, Weirdness & Mutations

You reflexively headbutt those who attack you in melee.
You have a pair of horns on your head.


Message History

Pikel burns you.
* * * LOW HITPOINT WARNING * * *
You barely miss Pikel.
Pikel is severely wounded.
Your transformation has ended.
Your +0 war axe unmelds from your body.
Your +0 pair of gloves unmelds from your body.
Your +0 shield unmelds from your body.
Your +0 scale mail unmelds from your body.
Your ring of stealth unmelds from your body.
The slave hits you.
* * * LOW HITPOINT WARNING * * *
Pikel hits you with a whip of flaming!
* * * LOW HITPOINT WARNING * * *
Pikel burns you.
* * * LOW HITPOINT WARNING * * *
You miss Pikel. Your headbutt misses Pikel.
Pikel is severely wounded.
You hit the slave. The slave hits you.
You die...

##............#....#.#....#
#.............######.##..##
##....................##..#
#...................#####.##
##.................## ##.#
###.............### ###
###...........# #
####.......K# # ###..##@p#
## #####..## ##### .# #...#
###...## .## #...###).....#
..# #...##......## #.#
#...#.......# #.##
#...........# ##.#
#...........# #.##
##....#......#


You could see Pikel and a slave.

Vanquished Creatures
  Grinder (D:4)
  Sigmund (D:4)
  A hound (D:4)
  An orc wizard (D:4)
  2 iguanas
  Natasha (thrice) (D:4)
  3 worker ants (D:4)
  A hound skeleton (D:4)
  8 gnolls
  4 adders
  An adder skeleton (D:4)
  2 worms
  4 orcs (D:4)
  A giant cockroach (D:2)
  4 goblins
  2 hobgoblins
  8 jackals
  2 kobolds (D:2)
  2 bats
  A frilled lizard (D:4)
  2 leopard gecko skeletons (D:4)
  A quokka skeleton (D:4)
  A quokka zombie (D:4)
  2 rats (D:3)
  A rat zombie (D:4)
59 creatures vanquished.

Notes
Turn   | Place    | Note
-------+----------+-------------------------------------------
     0 | D:1      | teukkam the Minotaur Fighter began the quest for the Orb.
     0 | D:1      | Reached XP level 1. HP: 19/19 MP: 0/0
   110 | D:2      | Reached XP level 2. HP: 27/27 MP: 1/1
   265 | D:2      | Reached XP level 3. HP: 33/33 MP: 2/2
   288 | D:3      | Found a shimmering altar of Xom.
   364 | D:3      | Reached XP level 4. HP: 26/41 MP: 3/3
   554 | D:3      | Found a deep blue altar of Sif Muna.
   557 | D:3      | Found a stormy altar of Qazlal.
   592 | D:3      | Found a shattered altar of Ashenzari.
   595 | D:3      | Found a hazy altar of Hepliaklqana.
   703 | D:4      | Noticed Natasha
   710 | D:4      | Reached XP level 5. HP: 39/47 MP: 4/4
   714 | D:4      | Killed Natasha
   806 | D:4      | Reached skill level 5 in Fighting
   806 | D:4      | Reached skill level 5 in Armour
   806 | D:4      | Reached skill level 5 in Shields
   874 | D:4      | Noticed Sigmund
   882 | D:4      | Reached XP level 6. HP: 25/56 MP: 5/5
   883 | D:4      | Killed Sigmund
  1100 | D:4      | Noticed Natasha
  1106 | D:4      | Killed Natasha
  1119 | D:4      | Noticed Natasha
  1127 | D:4      | Killed Natasha
  1174 | D:4      | Reached skill level 5 in Axes
  1221 | D:4      | Noticed Grinder
  1230 | D:4      | Paralysed by Grinder for 2 turns
  1238 | D:4      | Killed Grinder
  1238 | D:4      | Reached XP level 7. HP: 63/63 MP: 6/6
  1569 | D:4      | Found a sparkling altar of Nemelex Xobeh.
  1863 | D:5      | Entered Level 5 of the Dungeon
  1863 | D:5      | Noticed Pikel
  1893 | D:4      | HP: 3/63 [Pikel/whip of flaming (1)]
  1894 | D:4      | Slain by a slave

Skill      XL: |  1  2  3  4  5  6 |
---------------+-------------------+-----
Fighting       | 4 5 6 |  6.2
Armour         | 4 5 6 |  6.2
Shields        | 4 5 6 |  6.2
Axes           | 3 4 5 |  5.6

Action                   |  1- 3 |  4- 6 |  7- 9 || total
-------------------------+-------+-------+-------++-------
Melee: War axe           |    37 |    65 |    37 ||   139
       Headbutt          |     5 |     9 |     7 ||    21
       Unarmed           |       |       |     8 ||     8
  Use: Potion            |       |     3 |     1 ||     4
       Scroll            |       |       |     2 ||     2
  Eat: Chunk             |       |     1 |     1 ||     2
       Ration            |       |       |     1 ||     1
Armor: Scale mail        |    13 |    32 |    19 ||    64
       Skin              |       |     5 |       ||     5
Dodge: Dodged            |    14 |    26 |    14 ||    54
Block: Shield            |    20 |    32 |    20 ||    72
